 Dungeon Crawl Stone Soup version 0.28-a0-8-g6e044cfa68 (console) character file.

Game seed: 13274480802298883641

225556 jejorda2 the Phalangite (level 19, -18/148 HPs)
             Began as a Merfolk Berserker on July 24, 2021.
             Was a High Priest of Trog.
             Hit by a silver javelin thrown by a merfolk javelineer (23 damage)
             ... on level 4 of the Shoals.
             The game lasted 01:57:44 (48913 turns).

jejorda2 the Phalangite (Merfolk Berserker)        Turns: 48913, Time: 01:57:47

Health: -18/148    AC: 33    Str: 31    XL:     19   Next: 33%
Magic:  19/19      EV: 15    Int: 13    God:    Trog [*****.]
Gold:   1887       SH:  0    Dex: 11    Spells: 18/18 levels left

rFire   + . .      SeeInvis +   a - +10 bardiche {vorpal, *Slow rPois Str+2}
rCold   + . .      Faith    +   (shield currently unavailable)
rNeg    . . .      Spirit   .   Z - +7 plate armour of Adagois {-Cast rCorr Str+4 Dex+2}
rPois   +          Reflect  .   W - +2 helmet {SInv}
rElec   +          Harm     .   F - +2 cloak
rCorr   +          Rampage  .   Q - +3 pair of gloves "Xaireor" {rPois rC+ Dex-4}
Will    ++...      NoCast   +   (boots currently unavailable)
Stlth   ..........              B - amulet of faith
HPRegen 0.34/turn               s - ring of Compassion {rElec rPois Will+ Int+6}
MPRegen 0.16/turn               G - ring of protection from fire

@: about to teleport, on berserk cooldown, slowed, quick
A: nimble swimmer 2, mertail
}: 1/15 runes: gossamer
a: Renounce Religion, Berserk, Trog's Hand, Brothers in Arms


You were on level 4 of the Shoals.
You worshipped Trog.
Trog was extremely pleased with you.
You visited 5 branches of the dungeon, and saw 31 of its levels.
You also visited: Sewer, Gauntlet and Ice Cave.

You collected 4503 gold pieces.
You spent 2616 gold pieces at shops.

Inventory:

Hand Weapons
 a - the +10 bardiche "Waonoask" (weapon) {vorpal, *Slow rPois Str+2}
   (Trog gifted it to you on level 2 of the Orcish Mines)

   It inflicts extra damage upon your enemies.
   Str:       It affects your strength (+2).
   rPois:     It protects you from poison.
   *Slow:     It may slow you when you take damage.
 b - the +9 glaive "Killer Bee's Death" {flame, rCorr Str+3}
   (Trog gifted it to you on level 5 of the Lair of Beasts)

   It burns those it strikes, dealing additional fire damage.
   Big, fiery blades are also staple armaments of hydra-hunters.
   Str:       It affects your strength (+3).
   rCorr:     It protects you from acid and corrosion.
 w - a +3 antimagic bardiche
Missiles
 u - 46 boomerangs (quivered)
 y - 64 poisoned darts
 A - 14 curare-tipped darts
 H - 4 throwing nets
 R - 28 silver javelins
Armour
 d - a +2 pair of boots (melded)
 F - a +2 cloak (worn)
 Q - the +3 pair of gloves "Xaireor" (worn) {rPois rC+ Dex-4}
   (You found it on level 6 of the Lair of Beasts)

   Dex:       It affects your dexterity (-4).
   rC:        It protects you from cold.
   rPois:     It protects you from poison.
 W - a +2 helmet of see invisible (worn)
 Z - the +7 plate armour of Adagois (worn) {-Cast rCorr Str+4 Dex+2}
   (You bought it in a shop on level 1 of the Shoals)

   Str:       It affects your strength (+4).
   Dex:       It affects your dexterity (+2).
   -Cast:     It prevents spellcasting.
   rCorr:     It protects you from acid and corrosion.
Jewellery
 m - the ring "Ceje" {Fly rF- rCorr Str+3 SInv}
   (You found it in a Gauntlet)

   [ring of flight]

   Str:       It affects your strength (+3).
   rF:        It makes you vulnerable to fire.
   SInv:      It lets you see invisible.
   Fly:       It grants you flight.
   rCorr:     It protects you from acid and corrosion.
 s - the ring of Compassion (left hand) {rElec rPois Will+ Int+6}
   (You took it off a minotaur in a Gauntlet)

   [ring of intelligence]

   Int:       It affects your intelligence (+6).
   rElec:     It insulates you from electricity.
   rPois:     It protects you from poison.
   Will:      It increases your willpower.
 B - an amulet of faith (around neck)
 G - a ring of protection from fire (right hand)
 S - a ring of protection from fire
Wands
 e - a wand of mindburst (42)
 h - a wand of iceblast (30)
 k - a wand of acid (14)
 l - a wand of paralysis (44)
 z - a wand of flame (39)
 O - a wand of charming (12)
 U - a wand of digging (17)
Scrolls
 j - a scroll of blinking
 n - 6 scrolls of magic mapping
 o - 2 scrolls of summoning
 x - 3 scrolls of fear
 D - 6 scrolls of teleportation
 V - 2 scrolls of silence
 Y - a scroll of fog
Potions
 c - 5 potions of heal wounds
 f - 18 potions of curing
 g - 5 potions of flight
 i - 5 potions of lignification
 q - 3 potions of haste
 C - 13 potions of ambrosia
 E - 2 potions of resistance
 J - 2 potions of mutation
 K - 2 potions of attraction
 N - 3 potions of invisibility
 P - 2 potions of might
 T - 6 potions of cancellation
Miscellaneous
 I - a lightning rod (4/4)
 L - a condenser vane
 M - a tin of tremorstones (2/2)


   Skills:
 + Level 12.7 Fighting
 - Level 26.0 Polearms
 - Level 16.0 Throwing
 * Level 11.7 Armour
 + Level 11.7 Dodging
 - Level 9.0 Evocations


You had 18 spell levels left.
You didn't know any spells.
Your spell library was empty.

Dungeon Overview and Level Annotations

Branches:
Dungeon (15/15)            Temple (0/1) D:7            Lair (6/6) D:8
 Shoals (4/4) Lair:2       Spider (4/4) Lair:2        Slime (0/5) Lair:6
    Orc (2/2) D:10            Elf (0/3) Orc:2        Vaults (0/5) D:14
 Depths (0/5) D:15          Sewer (visited)           IceCv (visited)
Gauntlet (visited)

Altars:
Ashenzari
Dithmenos
Elyvilon
Gozag
Hepliaklqana
Kikubaaqudgha
Makhleb
Nemelex Xobeh
Okawaru
Qazlal
Trog
Uskayaw
Vehumet
Zin
The Shining One
Beogh

Shops:
D:1 [   D:3 (   D:4 *   D:8 *=   Orc:1 ?   Orc:2 **=(   Shoals:1 *   Shoals:2 (
Shoals:3 (

Annotations:
D:15 2 runed translucent doors, exclusion: orange crystal statue
Spider:2 1 runed translucent door, Beorghan's ghost, adept MiBe


Innate Abilities, Weirdness & Mutations

You are quick and stealthy near water. (Stealth+, EV+, Speed+++)
Your lower body shifts to a powerful aquatic tail in water.


Message History

The merfolk siren is almost dead.
The merfolk siren hits you with a +0 spear!
* * * LOW HITPOINT WARNING * * *
Unknown command.
You feel a strong urge to attack something.
You are no longer berserk.
You are exhausted.
You feel yourself slow down.
The merfolk javelineer throws a silver javelin.
The silver javelin pierces through you but does no damage.
* * * LOW HITPOINT WARNING * * *
Unknown command.
Unknown command.
Unknown command.
As you read the scroll of fear, it crumbles to dust.
You assume a fearsome visage.
The merfolk aquamancer looks frightened!
The plant is unaffected. x2
The merfolk javelineer resists with almost no effort.
The merfolk aquamancer looks frightened!
The merfolk siren resists with almost no effort.
The plant is unaffected. x3; The snapping turtle looks frightened!
The alligator snapping turtle looks frightened!
The water nymph resists with almost no effort.
The water elemental is unaffected.
A nearby plant withers and dies.
The merfolk aquamancer gestures wildly while chanting.
The merfolk aquamancer blinks!
The merfolk siren chants a haunting song.
You resist with almost no effort.
The merfolk aquamancer mumbles some strange words.
The merfolk aquamancer blinks!
The merfolk aquamancer mumbles some strange words.
The merfolk aquamancer blinks!
As you read the scroll of teleportation, it crumbles to dust.
You feel strangely unstable.
The merfolk aquamancer gestures wildly while chanting.
The merfolk aquamancer blinks!
The merfolk javelineer throws a silver javelin.
The silver javelin pierces through you!!
You die...

φ....#≈........##.##P.≈
....P≈≈≈..P....PP#....≈≈
....≈P≈≈≈............≈≈≈
.)≈≈≈≈≈≈...t.≈≈≈...≈≈≈≈
.##≈≈≈≈≈§≈.≈≈≈≈≈≈.≈≈≈≈≈≈
#≈≈≈≈≈≈≈≈§E≈≈≈≈≈≈≈≈≈≈≈≈≈
≈≈≈≈≈≈≈≈≈m≈m≈≈t≈≈≈≈≈≈≈≈≈
≈≈≈≈≈≈≈≈≈m≈≈≈P≈≈≈≈≈≈≈≈≈≈
≈≈≈≈≈≈≈@≈≈≈≈≈≈≈≈≈≈≈≈≈≈≈≈
≈≈≈≈≈≈≈≈≈≈≈≈≈≈§≈≈≈≈≈≈≈≈≈
≈≈≈≈≈≈≈≈≈≈≈≈≈≈≈≈≈≈≈≈≈≈≈≈
≈m≈≈≈§≈≈≈≈≈≈≈≈≈≈≈≈≈≈≈≈≈≈
≈≈≈≈≈≈≈≈≈≈≈≈≈≈≈≈≈≈≈≈≈≈≈≈
########################


You could see an alligator snapping turtle (fleeing), a merfolk javelineer, a
merfolk aquamancer (fleeing), a snapping turtle (fleeing), a water elemental, a
merfolk siren and a water nymph.

Vanquished Creatures
  Asterion (Spider:2)
  2 krakens (Shoals:2)
  Kirke (Shoals:3)
  Roxanne (Spider:1)
  2 ghost moths (Spider:4)
  Aizul (Shoals:2)
  7 emperor scorpions
  A minotaur (Gauntlet)
  4 entropy weavers
  3 spark wasps
  An ettin (Orc:1)
  5 merfolk javelineers
  2 merfolk impalers (Shoals:2)
  A great orb of eyes (D:15)
  Erolcha (D:11)
  5 hydras
  5 vault guards (D:14)
  3 ogre magi
  2 rakshasas
  8 boulder beetles
  2 catoblepae
  3 merfolk avatars
  8 centaur warriors
  16 two-headed ogres
  Erica (D:8)
  A satyr (Shoals:2)
  An alligator snapping turtle (Shoals:3)
  2 death knights (D:13)
  12 death yaks
  7 dancing weapons (Spider:1)
  Urug (D:11)
  An orc high priest (Orc:2)
  Sonja (D:11)
  A skeletal warrior (D:13)
  12 sea snakes
  2 wizards (D:12)
  A deep elf archer (D:13)
  An orc knight (Orc:1)
  6 deep elf pyromancers
  A necromancer (IceCv)
  14 orb spiders
  8 orc sorcerers
  14 manticores
  2 oklob plants
  A mana viper (shapeshifter) (D:15)
  11 harpies
  34 wolf spiders
  17 ugly things
  14 fauns
  4 moths of wrath
  7 cyclopes
  2 ice statues
  An elephant (Lair:6)
  5 black mambas
  A water nymph (Shoals:3)
  7 merfolk sirens
  A smoke demon (Gauntlet)
  2 torpor snails
  A cane toad (shapeshifter) (D:13)
  13 cane toads
  2 minotaur zombies (Gauntlet)
  7 rime drakes
  2 unseen horrors
  4 gargoyles
  6 freezing wraiths
  A yaktaur (shapeshifter) (D:15)
  3 efreet
  2 entropy weaver simulacra (IceCv)
  2 yaktaurs (D:14)
  A kobold demonologist (D:9)
  2 anaconda simulacra (IceCv)
  18 demonic crawlers
  7 komodo dragons
  2 tengu conjurers (D:14)
  A red devil (Gauntlet)
  11 ice devils
  5 wind drakes
  32 jumping spiders
  A queen bee (Lair:1)
  13 merfolk
  2 polar bears (Lair:6)
  15 hornets
  A queen bee (shapeshifter) (D:13)
  8 trolls
  20 blink frogs
  8 slime creatures
  Prince Ribbit (Lair:1)
  7 snapping turtles
  6 dream sheep (Lair:5)
  41 redbacks
  4 shadows
  44 yaks
  3 centaur simulacra
  A dire elephant simulacrum (IceCv)
  A vampire (D:11)
  37 tarantellas
  4 water elementals
  2 fire elementals (D:12)
  A wraith (D:9)
  3 wyverns
  5 steam dragons
  3 basilisks
  4 hogs
  6 vampire mosquitoes
  Grum (D:11)
  9 death yak simulacra (IceCv)
  2 harpy simulacra (IceCv)
  2 wargs
  An acid dragon (D:12)
  A hydra simulacrum (Gauntlet)
  17 water moccasins
  A meliai simulacrum (D:13)
  2 sky beasts
  21 orc warriors
  2 ice beasts
  2 black bears
  9 ogres
  13 wolves
  5 centaurs
  A phantom (D:5)
  5 kobold brigands
  12 bullfrogs
  2 cane toad simulacra (IceCv)
  2 two-headed ogre simulacra (IceCv)
  4 elephant simulacra (IceCv)
  7 wights (D:7)
  29 killer bees
  2 electric eels
  3 crimson imps (Gauntlet)
  3 centaur zombies
  A bullfrog zombie (D:6)
  7 hounds
  15 orc priests
  A jelly (Lair:6)
  4 bullfrog skeletons
  3 iguanas
  29 orc wizards
  Terence (D:2)
  2 troll simulacra (IceCv)
  A polar bear simulacrum (IceCv)
  2 wolf simulacra (IceCv)
  2 killer bee zombies
  Robin (D:2)
  9 adders
  4 river rats
  2 shadow imps
  3 white imps
  6 worms
  2 dart slugs
  46 orcs
  4 ball pythons
  6 endoplasms
  15 goblins
  9 hobgoblins
  12 jackals
  30 kobolds
  A quokka (D:1)
  11 bats
  3 frilled lizards
  A quokka skeleton (D:4)
  9 rats
1044 creatures vanquished.

Vanquished Creatures (collateral kills)
  Mara (Shoals:3)
  A dire elephant (Lair:6)
  2 hydras
  A death knight (D:13)
  2 oklob plants (Lair:3)
  A yaktaur (D:13)
  2 freezing wraiths
  A demonic crawler (Spider:4)
  An ice devil (IceCv)
  An entropy weaver simulacrum (IceCv)
  A wind drake (Lair:6)
  A basilisk (Lair:6)
  An orc warrior (Orc:2)
  A cane toad simulacrum (IceCv)
  An orc wizard (Orc:2)
  A polar bear simulacrum (IceCv)
  2 orcs (Orc:2)
  A plant (Lair:3)
22 creatures vanquished.

Vanquished Creatures (others)
  A cyclops (D:15)
  A golden eye (shapeshifter) (D:13)
  A human (D:10)
  A demonic plant (Gauntlet)
  31 fungi
  210 plants
  4 tentacles (Shoals:2)
249 creatures vanquished.

Grand Total: 1315 creatures vanquished

Notes
Turn   | Place    | Note
-------+----------+-------------------------------------------
     0 | D:1      | jejorda2 the Merfolk Berserker began the quest for the Orb.
     0 | D:1      | Reached XP level 1. HP: 18/18 MP: 1/1
    23 | D:1      | Found a faded altar of an unknown god.
   271 | D:1      | Found Cyfucaj's Antique Armour Shoppe.
   381 | D:1      | Reached XP level 2. HP: 24/24 MP: 2/2
   616 | D:1      | Reached skill level 5 in Polearms
   883 | D:1      | Reached ** piety under Trog
   884 | D:1      | Reached XP level 3. HP: 29/29 MP: 3/3
  1242 | D:2      | Noticed Robin
  1259 | D:2      | Killed Robin
  1278 | D:2      | Reached XP level 4. HP: 34/37 MP: 4/4
  1411 | D:2      | Found a stormy altar of Qazlal.
  1565 | D:2      | Noticed Terence
  1568 | D:2      | Killed Terence
  1569 | D:2      | Reached skill level 6 in Polearms
  2057 | D:2      | Reached XP level 5. HP: 42/42 MP: 5/5
  2256 | D:3      | Reached *** piety under Trog
  2388 | D:3      | Found a glowing golden altar of the Shining One.
  2493 | D:3      | Found a burning altar of Makhleb.
  2563 | D:3      | Found Ukyi's Antique Weapon Boutique.
  2778 | D:4      | Found Jiutegh's General Store.
  2783 | D:4      | Bought a scroll of magic mapping for 42 gold pieces
  2783 | D:4      | Bought a potion of curing for 36 gold pieces
  2995 | D:4      | Reached skill level 7 in Polearms
  3174 | D:4      | Reached XP level 6. HP: 49/49 MP: 6/6
  3697 | D:5      | Entered Level 5 of the Dungeon
  3750 | D:5      | Noticed a black bear
  3756 | D:5      | Killed a black bear
  3757 | D:5      | Reached skill level 8 in Polearms
  3810 | D:5      | Reached skill level 5 in Fighting
  3810 | D:5      | Reached XP level 7. HP: 45/56 MP: 7/7
  4053 | D:5      | Reached skill level 9 in Polearms
  5396 | D:6      | Reached XP level 8. HP: 52/64 MP: 8/8
  5427 | D:6      | Reached **** piety under Trog
  5428 | D:6      | Reached skill level 10 in Polearms
  5429 | D:6      | Found a glowing drain.
  5437 | Sewer    | Entered a sewer
  5602 | Sewer    | Found a white marble altar of Elyvilon.
  6116 | D:6      | Found a hide-covered altar of Uskayaw.
  6175 | D:6      | Found a broken altar of Ashenzari.
  6199 | D:6      | Reached skill level 11 in Polearms
  6667 | D:7      | Noticed a hornet
  6676 | D:6      | Paralysed by a hornet for 1 turns
  6681 | D:6      | Killed a hornet
  6682 | D:6      | Reached skill level 12 in Polearms
  6682 | D:6      | Reached XP level 9. HP: 65/69 MP: 9/9
  6885 | D:7      | Reached skill level 5 in Armour
  7009 | D:7      | Found a staircase to the Ecumenical Temple.
  7053 | D:6      | Reached skill level 13 in Polearms
  7458 | D:7      | Found a glowing silver altar of Zin.
  7590 | D:7      | Found a bloodstained altar of Trog.
  7591 | D:7      | Found a white marble altar of Elyvilon.
  7702 | D:8      | Reached skill level 14 in Polearms
  7863 | D:8      | Found an iron altar of Okawaru.
  7882 | D:8      | Noticed Erica
  7898 | D:8      | Killed Erica
  7899 | D:8      | Reached XP level 10. HP: 76/76 MP: 10/10
  8009 | D:8      | Noticed a white ugly thing
  8014 | D:8      | Killed a white ugly thing
  8015 | D:8      | Reached skill level 15 in Polearms
  8015 | D:8      | Reached skill level 5 in Dodging
  8111 | D:8      | Found Xuyx's Jewellery Shop.
  8128 | D:8      | Found Asu Efim's Neck Hole.
  8226 | D:8      | Found a staircase to the Lair.
  8576 | D:9      | Reached skill level 1 in Evocations
  8918 | D:9      | Reached skill level 16 in Polearms
  8990 | D:9      | Noticed a kobold demonologist
  9017 | D:9      | Reached ***** piety under Trog
  9022 | D:9      | Noticed a sixfirhy
  9023 | D:9      | Killed a kobold demonologist
  9131 | D:9      | Noticed a two-headed ogre
  9150 | D:9      | Killed a two-headed ogre
  9151 | D:9      | Reached XP level 11. HP: 81/81 MP: 11/11
  9470 | D:9      | Reached skill level 17 in Polearms
  9502 | D:9      | Noticed a two-headed ogre
  9513 | D:9      | Killed a two-headed ogre
  9730 | D:9      | Found a hazy altar of Hepliaklqana.
 10081 | D:1      | Bought a glowing chain mail for 232 gold pieces
 10262 | D:10     | Entered Level 10 of the Dungeon
 10262 | D:10     | Found a shadowy altar of Dithmenos.
 10327 | D:10     | Found a staircase to the Orcish Mines.
 10436 | D:10     | Received a gift from Trog
 10507 | D:10     | Noticed a two-headed ogre
 10520 | D:10     | Killed a two-headed ogre
 10521 | D:10     | Reached skill level 5 in Evocations
 11257 | D:10     | Reached skill level 18 in Polearms
 11373 | D:10     | Found a radiant altar of Vehumet.
 11893 | D:10     | Found an ancient bone altar of Kikubaaqudgha.
 11941 | D:10     | Noticed a two-headed ogre
 11948 | D:10     | Killed a two-headed ogre
 11949 | D:10     | Reached skill level 1 in Throwing
 12304 | D:11     | Noticed a two-headed ogre
 12314 | D:11     | Killed a two-headed ogre
 12318 | D:11     | Reached skill level 19 in Polearms
 12519 | D:11     | Noticed Urug
 12541 | D:11     | Killed Urug
 12542 | D:11     | Reached XP level 12. HP: 50/88 MP: 12/12
 12789 | D:11     | Noticed Sonja
 12791 | D:11     | Killed Sonja
 12813 | D:11     | Noticed Grum
 12826 | D:11     | Killed Grum
 13247 | D:11     | Noticed Erolcha
 13252 | D:11     | Killed Erolcha
 13423 | Lair:1   | Entered Level 1 of the Lair of Beasts
 13694 | Lair:1   | Noticed Prince Ribbit
 13747 | Lair:1   | Killed Prince Ribbit
 13753 | Lair:1   | Reached skill level 20 in Polearms
 14287 | Lair:1   | Reached skill level 5 in Throwing
 15391 | Lair:2   | Identified a scroll of acquirement
 15392 | Lair:2   | Acquired 1242 gold pieces
 15432 | D:8      | Bought a +1 cloak for 149 gold pieces
 15445 | D:8      | Bought an amulet of faith for 520 gold pieces
 15581 | D:1      | Bought a shiny chain mail for 232 gold pieces
 15755 | D:8      | Bought a ring of protection from fire for 325 gold pieces
 16169 | Lair:2   | Found a staircase to the Shoals.
 16513 | Lair:2   | Found a shadowy altar of Dithmenos.
 16573 | Lair:2   | Acquired a +3 vorpal bardiche
 16985 | Lair:2   | Reached XP level 13. HP: 101/101 MP: 13/13
 17143 | Lair:2   | Found a hole to the Spider Nest.
 17653 | Lair:3   | Reached skill level 10 in Fighting
 18273 | Lair:3   | Identified the +0 ring mail of Free Will {rC+ SInv}
 18539 | Lair:4   | Reached skill level 10 in Throwing
 19909 | Lair:5   | Reached XP level 14. HP: 100/110 MP: 14/14
 20225 | Lair:5   | Identified the +9 glaive "Killer Bee's Death" {flame, rCorr
                  | Str+3} (Trog gifted it to you on level 5 of the Lair of
                  | Beasts)
 20225 | Lair:5   | Received a gift from Trog
 20241 | Lair:5   | Found the +9 heavy crossbow "Sniper" {vorpal, Acc+∞ SInv}
 20701 | Lair:6   | Entered Level 6 of the Lair of Beasts
 21315 | Lair:6   | Found a staircase to the Slime Pits.
 21542 | Lair:6   | Found the +7 captain's cutlass {speed, disarm}
 21873 | Lair:6   | Identified the +3 pair of gloves "Xaireor" {rPois rC+
                  | Dex-4}
 22075 | Lair:6   | Noticed a dire elephant
 22085 | Lair:6   | Killed a dire elephant
 22215 | Lair:6   | Reached skill level 21 in Polearms
 23048 | Lair:2   | Identified the +1 leather armour of Soft Rains {Str+2}
 23317 | Orc:1    | Entered Level 1 of the Orcish Mines
 23329 | Orc:1    | Received a gift from Trog
 23366 | Orc:1    | Found a frozen archway.
 23508 | IceCv    | Entered an ice cave
 23643 | IceCv    | Reached XP level 15. HP: 115/115 MP: 15/15
 23985 | IceCv    | Found an ancient bone altar of Kikubaaqudgha.
 24354 | IceCv    | Received a gift from Trog
 24949 | Orc:2    | Entered Level 2 of the Orcish Mines
 24951 | Orc:2    | Paralysed by an orc sorcerer for 5 turns
 24959 | Orc:2    | Paralysed by an orc sorcerer for 3 turns
 25551 | Orc:2    | Found a radiant altar of Vehumet.
 25559 | Orc:1    | Found Sicaic's Magic Scroll Boutique.
 25884 | Orc:2    | Paralysed by an orc sorcerer for 5 turns
 26112 | Orc:2    | Reached ****** piety under Trog
 26112 | Orc:2    | Identified the +10 bardiche "Waonoask" {vorpal, *Slow rPois
                  | Str+2} (Trog gifted it to you on level 2 of the Orcish
                  | Mines)
 26112 | Orc:2    | Received a gift from Trog
 27063 | Orc:2    | Found a staircase to the Elven Halls.
 27126 | Orc:2    | Found Wenif's Antique Weapon Boutique.
 27126 | Orc:2    | Found Racuare's Jewellery Boutique.
 27127 | Orc:2    | Found Retaemm's General Store.
 27136 | Orc:2    | Found Feegocam's Assorted Antiques.
 27279 | Orc:2    | Paralysed by an orc sorcerer for 3 turns
 27632 | Orc:2    | Bought a scroll of blinking for 105 gold pieces
 27703 | Orc:2    | Bought a pair of runed gloves for 247 gold pieces
 28934 | D:13     | Received a gift from Trog
 29045 | D:13     | Reached skill level 22 in Polearms
 29133 | D:13     | Reached skill level 15 in Throwing
 29138 | D:13     | Reached XP level 16. HP: 28/122 MP: 16/16
 30722 | D:13     | Found a sparkling altar of Nemelex Xobeh.
 31715 | D:14     | Received a gift from Trog
 31802 | D:14     | Paralysed by an ogre mage for 7 turns
 32377 | D:14     | Found a gate to the Vaults.
 32827 | D:15     | Entered Level 15 of the Dungeon
 32868 | D:15     | Reached skill level 23 in Polearms
 32877 | D:15     | Found a runed translucent door.
 32880 | D:15     | Found a gate leading to a gauntlet.
 32933 | Gauntlet | Entered a Gauntlet
 32933 | Gauntlet | Found a transporter.
 32947 | Gauntlet | Found a transporter.
 32957 | Gauntlet | Found a transporter.
 32962 | Gauntlet | Found a transporter.
 32977 | Gauntlet | Found a transporter.
 32996 | Gauntlet | Found a transporter.
 33008 | Gauntlet | Found a transporter.
 33014 | Gauntlet | Found a transporter.
 33029 | Gauntlet | Found a transporter.
 33035 | Gauntlet | Found a transporter.
 33050 | Gauntlet | Found a transporter.
 33062 | Gauntlet | Found a transporter.
 33068 | Gauntlet | Found a transporter.
 33068 | Gauntlet | Found a transporter.
 33107 | Gauntlet | Found a transporter.
 33109 | Gauntlet | Found a runed translucent gate.
 33109 | Gauntlet | Found a runed translucent gate.
 33109 | Gauntlet | Found a runed translucent gate.
 33117 | Gauntlet | Found a large runed translucent door.
 33117 | Gauntlet | Found a large runed translucent door.
 33117 | Gauntlet | Found a large runed translucent door.
 33117 | Gauntlet | Found a large runed translucent door.
 33118 | Gauntlet | Found a large runed translucent door.
 33118 | Gauntlet | Found a large runed translucent door.
 33119 | Gauntlet | Found a large runed translucent door.
 33119 | Gauntlet | Found a large runed translucent door.
 33120 | Gauntlet | Found a large runed translucent door.
 33120 | Gauntlet | Found a large runed translucent door.
 33120 | Gauntlet | Found a runed translucent door.
 33120 | Gauntlet | Found a runed translucent door.
 33121 | Gauntlet | Found a large runed translucent door.
 33122 | Gauntlet | Found a large runed translucent door.
 33131 | Gauntlet | Found a large runed translucent door.
 33131 | Gauntlet | Found a large runed translucent door.
 33132 | Gauntlet | Found a large runed translucent door.
 33133 | Gauntlet | Found a large runed translucent door.
 33135 | Gauntlet | Found a transporter.
 33153 | Gauntlet | Found a transporter.
 33155 | Gauntlet | Found a transporter.
 33527 | Gauntlet | Identified the ring "Ceje" {Fly rF- rCorr Str+3 SInv}
 33566 | Gauntlet | Identified the ring of Compassion {rElec rPois Will+ Int+6}
 33743 | D:15     | Found a runed translucent door.
 33750 | D:15     | Found the +10 tower shield of Ignorance {rN+ Int-4}
 34374 | D:15     | Found a staircase to the Depths.
 34443 | D:15     | Received a gift from Trog
 34543 | D:15     | Reached skill level 24 in Polearms
 34561 | D:15     | Reached XP level 17. HP: 128/128 MP: 17/17
 34766 | D:15     | Found an opulent altar of Gozag.
 35290 | Spider:1 | Entered Level 1 of the Spider Nest
 35403 | Spider:1 | Identified Roxanne's Compendium of Transmigration
 35403 | Spider:1 | Noticed Roxanne
 35432 | Spider:1 | Killed Roxanne
 35490 | Spider:1 | Received a gift from Trog
 35561 | Spider:1 | You fall into a shaft and drop 1 floor!
 35577 | Spider:2 | Reached skill level 25 in Polearms
 36071 | Spider:1 | Identified the +2 scale mail of the Armoured One {Drain
                  | rElec rPois}
 36647 | Spider:1 | Found a runed translucent door.
 36822 | Spider:1 | Identified the +3 plate armour of Ucenytz {Will+ Str+5}
 37013 | Spider:1 | Reached skill level 26 in Polearms
 37013 | Spider:1 | Received a gift from Trog
 37388 | Spider:2 | Found a runed translucent door.
 37391 | Spider:2 | Noticed Beorghan's ghost (adept MiBe)
 37420 | Spider:2 | Noticed Asterion
 37428 | Spider:2 | Killed Asterion
 39383 | Spider:3 | Reached XP level 18. HP: 136/136 MP: 18/18
 39460 | Spider:4 | Entered Level 4 of the Spider Nest
 39544 | Spider:3 | Received a gift from Trog
 40656 | Spider:4 | Reached skill level 10 in Armour
 42243 | Spider:4 | Got a gossamer rune of Zot
 42388 | Shoals:1 | Entered Level 1 of the Shoals
 43232 | Shoals:1 | Received a gift from Trog
 43313 | Shoals:1 | Found Reqath's Assorted Antiques.
 43324 | Shoals:1 | Bought a bloodstained plate armour for 728 gold pieces
 43324 | Shoals:1 | Identified the +7 plate armour of Adagois {-Cast rCorr
                  | Str+4 Dex+2} (You bought it in a shop on level 1 of the
                  | Shoals)
 43467 | Shoals:1 | Reached skill level 10 in Dodging
 44612 | Shoals:2 | Found Bakiucw's Weapon Emporium.
 45288 | Shoals:3 | Noticed Kirke
 45288 | Shoals:3 | Noticed Mara
 45303 | Shoals:3 | Noticed Aizul
 45330 | Shoals:2 | Killed Aizul
 45330 | Shoals:2 | Received a gift from Trog
 45971 | Shoals:3 | Reached XP level 19. HP: 141/146 MP: 19/19
 46017 | Shoals:3 | Noticed jejorda2's illusion
 46025 | Shoals:3 | Killed Mara
 46567 | Shoals:3 | Found Dutaich's Antique Weapon Boutique.
 47130 | Shoals:3 | Killed Kirke
 47166 | Shoals:4 | Entered Level 4 of the Shoals
 48061 | Shoals:4 | Identified the +3 chain mail of the Blizzard {Harm rElec
                  | rPois rCorr}
 48909 | Shoals:4 | HP: 7/222 [merfolk siren (7)]
 48913 | Shoals:4 | Hit by a silver javelin thrown by a merfolk javelineer

Illustrated notes

Levels and vault maps discovered:
D:1:      minmay_arrival_wavy_path, layout_basic, serial_shops, shop,
          basic_ecumenical_altar
D:2:      layout_loops_ring, basic_altar, uniq_robin, uniq_terence
D:3:      layout_rooms, overflow_temple_1_default,
          mainiacjoe_overflow_small_starburst, serial_shops, shop,
          hangedman_abyss_or_decor_lesser_grid
D:4:      layout_loops_ring, chequers_jeans, serial_bayou_ford_a,
          nicolae_stop_n_shop_1
D:5:      layout_loops_corners, kennysheep_generic_room_7
D:6:      layout_loops_cross, ashenzari_conservatory_becter,
          nicolae_uskayaw_murder_on_the_dancefloor, lightli_sewer_entry_pipes
D:7:      layout_gridville, mainiacjoe_overflow_alcove_4,
          mainiacjoe_overflow_divided_tiny, minmay_temple_entry_junction_2
D:8:      layout_loops_ring, mainiacjoe_overflow_alcove_1, lair_entry_dummy,
          serial_shops, nicolae_take_the_stairs,
          nicolae_shop_sticking_my_neck_out, uniq_erica
D:9:      layout_loops_corners, nzn_hepliaklqana_mist_gate,
          corexii_leaking_fountain, st_stairs_2, kennysheep_crisscross,
          minivault_16
D:10:     layout_irregular_city, tgw_kikubaaqudgha,
          mainiacjoe_overflow_six_doors_small, overflow_temple_1_default,
          david_orc_3
D:11:     layout_irregular_city, uniq_grum, uniq_sonja, uniq_urug, uniq_erolcha
D:12:     cheibrodos_lost_city_excavation, layout_basic
D:13:     minmay_the_grid_square_5x5_5x5_mashed
          [minmay_the_grid_square_5x5_shrine1,
          minmay_the_grid_square_5x5_checkered_statues,
          minmay_the_grid_square_5x5_plus, minmay_the_grid_square_5x5_c,
          minmay_the_grid_square_5x5_mess, minmay_the_grid_square_5x5_six_small,
          minmay_the_grid_square_5x5_prize_deathbox,
          minmay_the_grid_square_5x5_slash,
          minmay_the_grid_square_5x5_prize_waves,
          minmay_the_grid_square_5x5_bracketed, minmay_the_grid_square_5x5_v,
          minmay_the_grid_square_5x5_lines,
          minmay_the_grid_square_5x5_prize_open,
          minmay_the_grid_square_5x5_two_small, minmay_the_grid_square_5x5_six,
          minmay_the_grid_square_5x5_shrine2,
          minmay_the_grid_square_5x5_prize_itemx,
          minmay_the_grid_square_5x5_doubleslash,
          minmay_the_grid_square_5x5_prize_rear_guard,
          minmay_the_grid_square_5x5_meh, minmay_the_grid_square_5x5_minibox,
          minmay_the_grid_square_5x5_checkered_sparse,
          minmay_the_grid_square_5x5_gyroscope,
          minmay_the_grid_square_5x5_hourglass,
          minmay_the_grid_square_5x5_misaligned], layout_grid_maze,
          small_statue_intersection, minivault_1, nemelex_lonely_heart_becter
D:14:     layout_rooms, grunt_vaults_entry_fortified,
          minmay_misc_feat_more_columns
D:15:     gammafunk_enter_depths_forms, layout_cave_pods, grunt_gozag_statues,
          gauntlet_entry_generic, chequers_guarded_unrand_ignorance
Lair:1:   layout_gridlike, special_room [special_room_bee], grunt_megastairs_2,
          uniq_prince_ribbit2
Lair:2:   layout_cave_pods, minmay_shoals_entry_lonely_mermaid,
          spider_nest_entry_funnel_web, basic_altar
Lair:3:   wander_river, layout_concentric_octagons, minmay_lair_oklob_chamber
Lair:4:   layout_concentric_octagons, lemuel_fruit_tree
Lair:5:   layout_hall_layers
Lair:6:   gammafunk_lair_ancient_temple, layout_small_grid,
          minmay_slime_entry_pillars
Shoals:1: layout_shoals, serial_shops, nicolae_shop_trees
Shoals:2: layout_shoals, serial_shops, shop_statue
Shoals:3: layout_shoals, serial_shops, shop, uniq_kirke, uniq_mara, uniq_aizul
Shoals:4: shoals_end_grunt_garden, layout_shoals, nzn_prometheus_bound
Spider:1: cheibrodos_spider_deadly_dance, nicolae_spider_shape, uniq_roxanne
Spider:2: layout_spider_delve, ebering_ghost_inner_flame, drop_trap,
          nicolae_spider_bug_shape, uniq_asterion
Spider:3: layout_chambers
Spider:4: guppyfry_spider_rune, drop_trap
Orc:1:    layout_caves, portal_ice_cave_demonic_guard, serial_shops,
          nicolae_shop_crystal
Orc:2:    st_orc_mages, layout_caves, basic_altar, lemuel_statue_altar,
          nicolae_orc_pool_cavern

Skill      XL: |  1  2  3  4  5  6  7  8  9 10 11 12 13 14 15 16 17 18 19 |
---------------+----------------------------------------------------------+-----
Polearms       | 5 6 7 8 9 12 14 16 19 20 21 22 24 26 | 26.0
Armour         | 2 3 4 5 6 7 8 9 11 | 11.7
Fighting       | 4 5 6 9 10 12 | 12.7
Dodging        | 4 6 7 10 11 | 11.7
Evocations     | 4 6 7 9 |  9.0
Throwing       | 3 7 11 13 15 16 | 16.0

Action                   |  1- 3 |  4- 6 |  7- 9 | 10-12 | 13-15 | 16-18 | 19-21 || total
-------------------------+-------+-------+-------+-------+-------+-------+-------++-------
Melee: Spear             |   117 |   268 |   341 |   308 |       |       |       ||  1034
       Halberd           |       |       |     8 |       |       |       |       ||     8
       Tailslap          |       |       |     1 |       |    12 |    17 |     3 ||    33
       Glaive            |       |       |       |   316 |   902 |   457 |       ||  1675
       Bardiche          |       |       |       |       |       |   663 |   154 ||   817
Throw: Boomerang         |       |       |     1 |     3 |    70 |   169 |    20 ||   263
       Dart              |       |       |       |    42 |    33 |       |       ||    75
       Javelin           |       |       |       |       |     2 |     5 |       ||     7
Invok: Berserk           |     2 |     3 |     9 |    14 |    13 |    18 |     2 ||    61
       Trog's Hand       |       |       |     1 |     1 |     9 |     4 |     2 ||    17
       Brothers in Arms  |       |       |       |     1 |     7 |     2 |     2 ||    12
Evoke: Wand              |       |       |       |     2 |       |     1 |       ||     3
       Tin of tremorston |       |       |       |       |     2 |     1 |       ||     3
       Condenser vane    |       |       |       |       |     1 |     1 |       ||     2
  Use: Scroll            |       |       |    19 |    10 |     7 |     6 |     2 ||    44
       Potion            |       |       |       |       |     2 |     1 |       ||     3
 Stab: Sleeping          |     1 |       |       |       |       |       |       ||     1
       Distracted        |       |       |       |       |     1 |       |       ||     1
Armor: Leather armour    |     7 |       |       |       |       |       |       ||     7
       Animal skin       |     1 |       |       |       |       |       |       ||     1
       Chain mail        |    27 |    76 |   100 |   249 |   454 |   283 |       ||  1189
       Plate armour      |       |       |       |       |       |   555 |   148 ||   703
Dodge: Dodged            |    35 |    60 |    53 |   180 |   267 |   489 |   124 ||  1208

Table legend: (Time is in decaauts)
 A = Elapsed time spent in this place.
 B = Non-inter-level travel time spent in this place.
 C = Inter-level travel time spent in this place.
 D = Time resting spent in this place.
 E = Time spent auto-exploring this place.
 F = Levels seen in this place.
 G = Mean time per level.
                   A        B        C        D        E       F      G
               +--------+--------+--------+--------+--------+-----+--------+
         Total |  47623 |  43864 |   3759 |  10190 |  27296 |  34 | 1400.7 |
       Dungeon |  21263 |  18846 |   2417 |   4302 |  12116 |  15 | 1417.5 |
          Lair |   8685 |   7974 |    711 |    981 |   5788 |   6 | 1447.5 |
        Shoals |   5404 |   5220 |    184 |    696 |   3834 |   4 | 1351.0 |
   Spider Nest |   6978 |   6709 |    269 |   2484 |   3235 |   4 | 1744.5 |
  Orcish Mines |   3259 |   3082 |    177 |    943 |   1642 |   2 | 1629.5 |
         Sewer |    166 |    166 |      0 |      0 |    117 |   1 |  166.0 |
      Ice Cave |   1099 |   1099 |      0 |    654 |    160 |   1 | 1099.0 |
      Gauntlet |    766 |    766 |      0 |    128 |    402 |   1 |  766.0 |
               +--------+--------+--------+--------+--------+-----+--------+

Top non-repeatable levels by time:
Spider:3: 3723 daAuts
    D:13: 2869 daAuts
Shoals:3: 2732 daAuts
    D:10: 2032 daAuts
     D:8: 1818 daAuts
   Orc:2: 1744 daAuts
Shoals:2: 1717 daAuts
  Lair:6: 1708 daAuts
Spider:1: 1679 daAuts
     D:9: 1678 daAuts
  Lair:5: 1634 daAuts
    D:15: 1552 daAuts
     D:5: 1530 daAuts
   Orc:1: 1515 daAuts
  Lair:2: 1491 daAuts
